 Dungeon Crawl Stone Soup version 0.28-a0-1387-g3a22ab9bdc (console) character file.

Game seed: 4158654615006041552

4365 jejorda2 the Basher (level 10, -2/82 HPs)
             Began as a Gnoll Berserker on Jan 2, 2022.
             Was an Elder of Trog.
             Slain by an orc warrior (10 damage)
             ... in a bailey.
             The game lasted 00:20:03 (8468 turns).

jejorda2 the Basher (Gnoll Berserker)               Turns: 8468, Time: 00:20:03

Health: -2/82      AC: 14    Str: 21    XL:     10   Next: 34%
Magic:  17/17      EV: 10    Int:  7    God:    Trog [****..]
Gold:   406        SH:  5    Dex: 11    Spells: 19/19 levels left

rFire   . . .      SeeInvis .   b - +1 morningstar
rCold   . . .      Faith    .   j - +0 buckler
rNeg    . . .      Spirit   .   D - +0 chain mail
rPois   .          Reflect  .   x - +0 helmet
rElec   .          Harm     .   (no cloak)
rCorr   .          Rampage  .   e - +1 pair of gloves
Will    .....                   (no boots)
Stlth   ..........              q - amulet of regeneration
HPRegen 1.03/turn               h - ring of flight
MPRegen 0.15/turn               (no ring)

@: lethally poisoned (-2 -> -9), flying
A: fangs 1, strong nose, distributed training
a: Renounce Religion, Berserk, Trog's Hand, Brothers in Arms


You were in a bailey.
You worshipped Trog.
Trog was greatly pleased with you.
You visited 1 branch of the dungeon, and saw 8 of its levels.
You also visited: Bailey.

You collected 406 gold pieces.

Inventory:

Hand Weapons
 a - a +0 flail of freezing
 b - a +1 morningstar (weapon)
 m - the +2 rapier "Lepiyrph" {antimagic, rPois Dex+2 SInv}
   (You found it on level 7 of the Dungeon)

   It reduces the magical energy of the wielder, and disrupts the spells and
   magical abilities of those it strikes.
   Natural abilities and divine invocations are not affected.
   Dex:       It affects your dexterity (+2).
   rPois:     It protects you from poison.
   SInv:      It lets you see invisible.
 E - a +0 glaive
Missiles
 i - 10 boomerangs (quivered)
 k - 3 boomerangs of dispersal
 n - 6 javelins
 p - 178 stones
 y - a curare-tipped dart
Armour
 e - a +1 pair of gloves (worn)
 j - a +0 buckler (worn)
 r - a +0 kite shield
 x - a +0 helmet (worn)
 C - a +0 plate armour
 D - a +0 chain mail (worn)
Jewellery
 h - a ring of flight (left hand)
 q - an amulet of regeneration (around neck)
Wands
 d - a wand of mindburst (12)
 v - a wand of digging (2)
 w - a wand of flame (22)
Scrolls
 c - 3 scrolls of magic mapping
 s - 3 scrolls of enchant weapon
 B - a scroll of identify
Potions
 f - 2 potions of mutation
 g - 2 potions of lignification
 l - a potion of resistance
 o - a potion of attraction
 t - a potion of berserk rage
 u - a potion of curing
 z - a potion of heal wounds
 A - 3 potions of flight


   Skills:
 + Level 8.4 Fighting
 + Level 5.2 Short Blades
 + Level 5.2 Long Blades
 + Level 5.2 Axes
 + Level 8.4 Maces & Flails
 + Level 5.2 Polearms
 + Level 5.2 Staves
 + Level 5.2 Slings
 + Level 5.2 Bows
 + Level 5.2 Crossbows
 + Level 5.2 Throwing
 + Level 7.0 Armour
 + Level 7.0 Dodging
 + Level 5.2 Stealth
 + Level 5.2 Shields
 + Level 5.2 Unarmed Combat
 + Level 5.2 Spellcasting
 + Level 4.3 Conjurations
 + Level 4.3 Hexes
 + Level 4.3 Summonings
 + Level 4.3 Necromancy
 + Level 4.3 Translocations
 + Level 4.3 Transmutations
 + Level 4.3 Fire Magic
 + Level 4.3 Ice Magic
 + Level 4.3 Air Magic
 + Level 4.3 Earth Magic
 + Level 4.3 Poison Magic
 + Level 5.7 Invocations
 + Level 5.2 Evocations


You had 19 spell levels left.
You didn't know any spells.
Your spell library was empty.

Dungeon Overview and Level Annotations

Branches:
Dungeon (8/15)             Temple (0/1) D:7          Bailey (1/1)
   Lair: D:8-11

Altars:
Cheibriados
Qazlal

Shops:
D:1 (

Annotations:
Bailey exclusion: door


Innate Abilities, Weirdness & Mutations

You have very sharp teeth.
Your uncanny sense of smell can sniff out nearby items.
Your experience applies equally to all skills.


Message History

You are more poisoned.
You barely miss the orc warrior.
The orc warrior is moderately wounded.
You feel very sick. You block the orc warrior's attack.
The orc warrior misses you.
You barely miss the orc warrior.
The orc warrior is moderately wounded.
You feel very sick.
The orc warrior hits you with a +4 flail of venom.
You hit the orc warrior but do no damage.
The orc warrior is moderately wounded.
You feel very sick.
The orc warrior hits you with a +4 flail of venom.
You are more poisoned.
You thump the orc warrior!
You bite the orc warrior, but do no damage.
The orc warrior is severely wounded.
You feel very sick.
The orc warrior hits you with a +4 flail of venom!
You barely miss the orc warrior.
The orc warrior is severely wounded.
You feel very sick.
The orc warrior hits you with a +4 flail of venom.
You sock the orc warrior!
The orc warrior is almost dead.
You feel sick.
The orc warrior hits you with a +4 flail of venom!
* * * LOW HITPOINT WARNING * * *
You are more poisoned.
You barely miss the orc warrior.
The orc warrior is almost dead.
* * * LOW HITPOINT WARNING * * *
You feel very sick. The orc warrior barely misses you.
You hit the orc warrior but do no damage.
The orc warrior is almost dead.
* * * LOW HITPOINT WARNING * * *
You feel very sick.
The orc warrior hits you with a +4 flail of venom!
You die...

########### ##.........##
##..≈≈≈≈≈≈≈..##
##..≈≈.....≈≈..##
##########..≈≈.)###..≈≈..######
#..........≈≈.@## ##..≈≈.......
#.≈≈[≈≈≈≈≈≈≈.o##.∩.##..≈≈≈≈)≈≈≈
#.≈.)...)....##.....##.........
#.≈.#########'###'#############
#.≈)## ∆∆∆ ...... ## #.≈).## ∆
.≈§≈≈≈§ ##. #.≈≈..## # ≈≈o..o§≈
##.. #∩.≈≈..#'# .o.⌠∩⌠. #..)
##.≈≈..#'# ≈..o⌠.. #+#..≈


You could see an orc warrior.

Vanquished Creatures
  Sigmund (D:4)
  Menkaure (D:4)
  4 orc warriors
  2 sky beasts
  A black bear (D:6)
  A necrophage (D:6)
  4 ogres
  3 centaurs
  2 phantoms
  A kobold brigand (D:6)
  4 bullfrogs
  3 scorpions
  A wyvern zombie (D:6)
  A wyvern skeleton (D:5)
  A water moccasin skeleton (D:6)
  4 killer bees (D:7)
  6 wights
  4 centaur zombies
  2 bullfrog zombies
  5 hounds
  2 jellies (D:6)
  A bullfrog skeleton (D:6)
  2 gnoll shamans
  3 centaur skeletons
  5 orc wizards
  4 iguanas
  Ijyb (D:5)
  A killer bee zombie (D:8)
  A hound skeleton (D:4)
  A howler monkey zombie (D:7)
  13 gnolls
  8 adders
  A shadow imp (D:6)
  3 white imps
  An adder skeleton (D:4)
  2 worms (D:2)
  A dart slug (D:4)
  37 orcs
  7 ball pythons
  5 endoplasms
  2 giant cockroaches (D:3)
  6 goblins
  6 hobgoblins
  13 jackals
  8 kobolds
  7 quokkas
  2 bats
  3 frilled lizards
  6 rats
203 creatures vanquished.

Vanquished Creatures (collateral kills)
  An ice beast (D:7)
  An ogre (D:7)
  2 wights (D:7)
  An iguana (D:7)
5 creatures vanquished.

Vanquished Creatures (others)
  4 toadstools (D:1)
4 creatures vanquished.

Grand Total: 212 creatures vanquished

Notes
Turn   | Place    | Note
-------+----------+-------------------------------------------
     0 | D:1      | jejorda2 the Gnoll Berserker began the quest for the Orb.
     0 | D:1      | Reached XP level 1. HP: 23/23 MP: 1/1
   509 | D:1      | Reached XP level 2. HP: 28/29 MP: 2/2
  1246 | D:1      | Found Fauluh's Antique Weapon Emporium.
  1414 | D:2      | Reached XP level 3. HP: 27/35 MP: 3/3
  1497 | D:2      | Reached ** piety under Trog
  1802 | D:1      | Reached skill level 1 in Invocations
  1870 | D:1      | Reached skill level 1 in Short Blades
  1870 | D:1      | Reached skill level 1 in Long Blades
  1870 | D:1      | Reached skill level 1 in Axes
  1870 | D:1      | Reached skill level 1 in Polearms
  1870 | D:1      | Reached skill level 1 in Staves
  1870 | D:1      | Reached skill level 1 in Slings
  1870 | D:1      | Reached skill level 1 in Bows
  1870 | D:1      | Reached skill level 1 in Crossbows
  1870 | D:1      | Reached skill level 1 in Throwing
  1870 | D:1      | Reached skill level 1 in Stealth
  1870 | D:1      | Reached skill level 1 in Shields
  1870 | D:1      | Reached skill level 1 in Unarmed Combat
  1870 | D:1      | Reached skill level 1 in Spellcasting
  1870 | D:1      | Reached skill level 1 in Evocations
  1873 | D:1      | Reached XP level 4. HP: 31/41 MP: 5/5
  2206 | D:2      | You fall into a shaft and drop 2 floors!
  2239 | D:4      | Reached skill level 1 in Conjurations
  2239 | D:4      | Reached skill level 1 in Hexes
  2239 | D:4      | Reached skill level 1 in Summonings
  2239 | D:4      | Reached skill level 1 in Necromancy
  2239 | D:4      | Reached skill level 1 in Translocations
  2239 | D:4      | Reached skill level 1 in Transmutations
  2239 | D:4      | Reached skill level 1 in Fire Magic
  2239 | D:4      | Reached skill level 1 in Ice Magic
  2239 | D:4      | Reached skill level 1 in Air Magic
  2239 | D:4      | Reached skill level 1 in Earth Magic
  2239 | D:4      | Reached skill level 1 in Poison Magic
  2244 | D:4      | Reached XP level 5. HP: 31/47 MP: 6/6
  3392 | D:2      | Found a faded altar of an unknown god.
  3608 | D:4      | Noticed an ogre
  3613 | D:4      | Killed an ogre
  3614 | D:4      | Reached XP level 6. HP: 53/53 MP: 8/8
  3681 | D:4      | Reached skill level 5 in Armour
  3681 | D:4      | Reached skill level 5 in Dodging
  3771 | D:4      | Noticed Menkaure
  3775 | D:4      | Killed Menkaure
  3776 | D:4      | Reached XP level 7. HP: 47/60 MP: 10/10
  4024 | D:4      | Noticed Sigmund
  4034 | D:4      | Killed Sigmund
  4190 | D:4      | Reached *** piety under Trog
  4359 | D:5      | Entered Level 5 of the Dungeon
  4399 | D:5      | Reached XP level 8. HP: 56/67 MP: 12/12
  4723 | D:5      | Noticed Ijyb
  4733 | D:5      | Killed Ijyb
  4907 | D:5      | Found a snail-covered altar of Cheibriados.
  5489 | D:6      | Reached XP level 9. HP: 72/72 MP: 14/14
  5566 | D:6      | Reached **** piety under Trog
  6428 | D:6      | Reached skill level 5 in Invocations
  6730 | D:7      | Identified the +2 rapier "Lepiyrph" {antimagic, rPois Dex+2
                  | SInv}
  6853 | D:7      | Found a stormy altar of Qazlal.
  7160 | D:7      | Reached XP level 10. HP: 80/80 MP: 5/17
  7196 | D:7      | Reached skill level 5 in Short Blades
  7196 | D:7      | Reached skill level 5 in Long Blades
  7196 | D:7      | Reached skill level 5 in Axes
  7196 | D:7      | Reached skill level 5 in Polearms
  7196 | D:7      | Reached skill level 5 in Staves
  7196 | D:7      | Reached skill level 5 in Slings
  7196 | D:7      | Reached skill level 5 in Bows
  7196 | D:7      | Reached skill level 5 in Crossbows
  7196 | D:7      | Reached skill level 5 in Throwing
  7196 | D:7      | Reached skill level 5 in Stealth
  7196 | D:7      | Reached skill level 5 in Shields
  7196 | D:7      | Reached skill level 5 in Unarmed Combat
  7196 | D:7      | Reached skill level 5 in Spellcasting
  7196 | D:7      | Reached skill level 5 in Evocations
  7264 | D:7      | Found a staircase to the Ecumenical Temple.
  8048 | D:8      | Found a flagged portal.
  8068 | Bailey   | Entered a bailey
  8468 | Bailey   | Slain by an orc warrior

Illustrated notes

Levels and vault maps discovered:
D:1:      ldierk_water_garden, layout_basic, serial_shops, shop_fountains,
          chequers_garden
D:2:      layout_rooms, ebering_ecumenical_altar_box,
          chequers_serial_rivers_room_b
D:3:      layout_basic, grunt_ministairs_5, minivault_24
D:4:      layout_loops_cross, uniq_sigmund, uniq_menkaure
D:5:      nicolae_cairo_tiling_large_dashed, layout_basic,
          mainiacjoe_overflow_alcove_4, kennysheep_generic_room_7, uniq_ijyb
D:6:      layout_basic, nzn_random_ring
D:7:      layout_loops_corners, lemuel_crystal_altar,
          minmay_temple_entry_arrows, hangedman_abyss_or_decor_stagger,
          st_stairs_7, nicolae_elevator_lobby_asterisk
D:8:      layout_basic, dpeg_oklobed_lair, enter_bailey_2
Bailey:   bailey_polearm_1, bailey

Skill      XL: |  1  2  3  4  5  6  7  8  9 10 |
---------------+-------------------------------+-----
Invocations    | 1 2 3 4 5 |  5.7
Short Blades   | 1 2 3 4 5 |  5.2
Long Blades    | 1 2 3 4 5 |  5.2
Axes           | 1 2 3 4 5 |  5.2
Polearms       | 1 2 3 4 5 |  5.2
Staves         | 1 2 3 4 5 |  5.2
Slings         | 1 2 3 4 5 |  5.2
Bows           | 1 2 3 4 5 |  5.2
Crossbows      | 1 2 3 4 5 |  5.2
Throwing       | 1 2 3 4 5 |  5.2
Stealth        | 1 2 3 4 5 |  5.2
Shields        | 1 2 3 4 5 |  5.2
Unarmed Combat | 1 2 3 4 5 |  5.2
Spellcasting   | 1 2 3 4 5 |  5.2
Evocations     | 1 2 3 4 5 |  5.2
Conjurations   | 1 2 3 4 |  4.3
Hexes          | 1 2 3 4 |  4.3
Summonings     | 1 2 3 4 |  4.3
Necromancy     | 1 2 3 4 |  4.3
Translocations | 1 2 3 4 |  4.3
Transmutations | 1 2 3 4 |  4.3
Fire Magic     | 1 2 3 4 |  4.3
Ice Magic      | 1 2 3 4 |  4.3
Air Magic      | 1 2 3 4 |  4.3
Earth Magic    | 1 2 3 4 |  4.3
Poison Magic   | 1 2 3 4 |  4.3
Armour         | 5 6 7 |  7.0
Dodging        | 5 6 7 |  7.0
Fighting       | 7 8 |  8.4
Maces & Flails | 7 8 |  8.4

Action                   |  1- 3 |  4- 6 |  7- 9 | 10-12 || total
-------------------------+-------+-------+-------+-------++-------
Melee: Mace              |   161 |     3 |       |       ||   164
       Bite              |    21 |    11 |    50 |    18 ||   100
       Flail             |       |   123 |   321 |       ||   444
       Morningstar       |       |     6 |    42 |   140 ||   188
       Unarmed           |       |       |     1 |       ||     1
       Rapier            |       |       |     5 |     7 ||    12
Throw: Boomerang         |       |     1 |    10 |       ||    11
Invok: Berserk           |     1 |     3 |     2 |     1 ||     7
       Trog's Hand       |       |       |     3 |       ||     3
       Brothers in Arms  |       |       |       |     1 ||     1
  Use: Scroll            |       |     8 |     9 |     1 ||    18
Armor: Ring mail         |    39 |       |       |       ||    39
       Scale mail        |    26 |    47 |   125 |    13 ||   211
       Plate armour      |       |       |       |    32 ||    32
       Chain mail        |       |       |       |    20 ||    20
Dodge: Dodged            |    77 |    56 |   207 |    56 ||   396
Block: Tower shield      |    76 |       |       |       ||    76
       Buckler           |    15 |    21 |    56 |    33 ||   125

Table legend: (Time is in decaauts)
 A = Elapsed time spent in this place.
 B = Non-inter-level travel time spent in this place.
 C = Inter-level travel time spent in this place.
 D = Time resting spent in this place.
 E = Time spent auto-exploring this place.
 F = Levels seen in this place.
 G = Mean time per level.
                   A        B        C        D        E       F      G
               +--------+--------+--------+--------+--------+-----+--------+
         Total |   8623 |   8092 |    531 |    621 |   5633 |   9 |  958.1 |
       Dungeon |   8212 |   7681 |    531 |    483 |   5520 |   8 | 1026.5 |
        Bailey |    411 |    411 |      0 |    138 |    113 |   1 |  411.0 |
               +--------+--------+--------+--------+--------+-----+--------+

Top non-repeatable levels by time:
     D:1: 1818 daAuts
     D:6: 1272 daAuts
     D:7: 1218 daAuts
     D:5: 1203 daAuts
     D:4: 1049 daAuts
     D:3: 894 daAuts
     D:2: 730 daAuts
  Bailey: 411 daAuts
     D:8: 24 daAuts
